 Dungeon Crawl Stone Soup version 0.31-a0-716-gc7603755dd (webtiles) character file.

Game seed: 13549132952948501759

1585602 PaperRat the Merry Human (level 27, 246/246 HPs)
             Began as a Human Hexslinger on Sept 9, 2023.
             Was an Initiate of Gozag.
             Escaped with the Orb
             ... and 3 runes on Sept 10, 2023!
             The game lasted 06:21:25 (77233 turns).

PaperRat the Merry Human (Human Hexslinger)        Turns: 77233, Time: 06:21:25

Health: 246/246    AC: 24    Str: 14    XL:     27
Magic:  35/35      EV: 29    Int: 26    God:    Gozag
Gold:   2879       SH:  0    Dex: 35    Spells: 4/50 levels left

rFire   + + .        w - +9 longbow (flame)
rCold   + . .        (shield currently unavailable)
rNeg    + . .        W - quicksilver dragon scales of the Vestibule of Hell {Harm Drain Fly rF++ Will+}
rPois   .            Y - +1 helmet of the Enchanted Forest {Str+2 Dex+4}
rElec   +            e - +0 cloak of the Elven Halls {Regen+ rCorr Dex+8 Stlth-}
rCorr   +            Q - +1 pair of gloves of the Unbroken {rC+ rN+ Str+2}
SInv    +            p - +2 pair of boots {Stlth+}
Will    ++++.        M - amulet of the Air {Inacc Air Fly rElec RMsl}
Stlth   ++           T - ring "Peqed" {AC+4 Str+2 Dex+3 SInv, =R}
HPRegen 1.41/turn    A - ring of willpower
MPRegen 0.24/turn

%: inaccuracy (-5), random rage (3%), harm (+30% outgoing, +20% incoming), repel
missiles
@: flying, studying 2 skills, bribing [the Dungeon, the Realm of Zot]
A: berserk 1, clever 1, deformed body, low MP 1, passive freeze, robust 1,
screaming 1, inability to drink after injury 1
0: Orb of Zot
}: 3/15 runes: decaying, serpentine, slimy
a: Renounce Religion, Potion Petition, Call Merchant, Bribe Branch


You escaped.
You worshipped Gozag.
Gozag was most pleased with you.
You visited 12 branches of the dungeon, and saw 56 of its levels.
You also visited: Gauntlet.

You collected 31163 gold pieces.
You spent 15548 gold pieces at shops.
You paid 12736 gold pieces to Gozag.

Inventory:

Hand Weapons
 a - a +7 arbalest of freezing
 w - a +9 longbow of flaming (weapon)
Missiles
 F - 7 curare-tipped darts (quivered)
 O - 15 darts of dispersal
 S - 4 throwing nets {!f}
Armour
 e - the +0 cloak of the Elven Halls (worn) {Regen+ rCorr Dex+8 Stlth-}
   (You found it on level 3 of the Elven Halls)

   Dex+8:     It affects your dexterity (+8).
   Regen+:    It increases your rate of health regeneration.
   rCorr:     It protects you from acid and corrosion.
   Stlth-:    It makes you less stealthy.
 m - quicksilver dragon scales
 p - a +2 pair of boots of stealth (worn)
 Q - the +1 pair of gloves of the Unbroken (worn) {rC+ rN+ Str+2}
   (You bought it in a shop on level 2 of the Orcish Mines)

   Str+2:     It affects your strength (+2).
   rC+:       It protects you from cold.
   rN+:       It protects you from negative energy.
 W - the quicksilver dragon scales of the Vestibule of Hell (worn) {Harm Drain Fly rF++ Will+}
   (You bought it in a shop on level 2 of the Depths)

   rF++:      It greatly protects you from fire.
   Will+:     It increases your willpower.
   Fly:       It grants you flight.
   Drain:     It drains your maximum health when unequipped.
   Harm:      It increases damage dealt and taken.
 Y - the +1 helmet of the Enchanted Forest (worn) {Str+2 Dex+4}
   (You bought it in a shop on level 2 of the Snake Pit)

   Str+2:     It affects your strength (+2).
   Dex+4:     It affects your dexterity (+4).
Jewellery
 f - the ring of Oqav {rF+ rCorr Dex+2 Stlth+}
   (You found it on level 1 of the Snake Pit)

   [ring of protection from fire]

   Dex+2:     It affects your dexterity (+2).
   rF+:       It protects you from fire.
   rCorr:     It protects you from acid and corrosion.
   Stlth+:    It makes you more stealthy.
 q - the ring of Anoetzie {rF+ Slay+3}
   (You bought it in a shop on level 2 of the Orcish Mines)

   [ring of protection from fire]

   Slay+3:    It affects your accuracy & damage with ranged weapons and melee
   (+3).
   rF+:       It protects you from fire.
 v - the ring "Vith" {+Blink rF+ rC- Dex+2}
   (You found it on level 3 of the Elven Halls)

   [ring of protection from fire]

   Dex+2:     It affects your dexterity (+2).
   rF+:       It protects you from fire.
   rC-:       It makes you vulnerable to cold.
   +Blink:    It lets you blink.
 A - a ring of willpower (right hand)
 K - a ring of poison resistance
 M - the amulet of the Air (around neck) {Inacc Air Fly rElec RMsl}
   (You bought it in a shop on level 2 of the Elven Halls)

   [amulet of nothing]

   Inacc:     It reduces the accuracy of your attacks and spells.
   Air:       It enhances your air magic.
   rElec:     It insulates you from electricity.
   Fly:       It grants you flight.
   RMsl:      It protects you from missiles.
 T - the ring "Peqed" (left hand) {AC+4 Str+2 Dex+3 SInv, =R}
   (You bought it in a shop on level 15 of the Dungeon)

   [ring of protection]

   AC+4:      It affects your AC (+4).
   Str+2:     It affects your strength (+2).
   Dex+3:     It affects your dexterity (+3).
   SInv:      It lets you see invisible.
Wands
 b - a wand of roots (34)
 c - a wand of light (14)
 d - a wand of digging (15)
 n - a wand of charming (46)
 z - a wand of mindburst (26)
Scrolls
 g - 14 scrolls of amnesia
 s - 4 scrolls of blinking {@r5}
 t - 2 scrolls of summoning
 x - 12 scrolls of teleportation {@r3}
 y - 9 scrolls of vulnerability
 D - 10 scrolls of poison
 E - 8 scrolls of enchant armour
 H - 2 scrolls of silence
 I - 7 scrolls of immolation
 L - 2 scrolls of brand weapon
 U - 10 scrolls of fear {@r4}
Potions
 h - 14 potions of brilliance {@q5}
 i - a potion of mutation {@q7}
 j - 4 potions of invisibility
 k - 18 potions of curing {@q1}
 l - 9 potions of heal wounds {@q2}
 o - 5 potions of cancellation
 r - 4 potions of resistance
 u - 2 potions of ambrosia
 G - a potion of magic
 J - 5 potions of lignification
 N - 3 potions of enlightenment {@q6}
Miscellaneous
 B - a phantom mirror
 C - a condenser vane
 V - a lightning rod (4/4)
 X - a box of beasts
 Z - a phial of floods


   Skills:
 - Level 20.0 Fighting
 O Level 27 Ranged Weapons
 - Level 13.6 Armour
 - Level 16.0 Dodging
 + Level 8.1 Stealth
 - Level 12.0 Spellcasting
 - Level 12.0 Hexes
 - Level 10.0 Summonings
 - Level 12.0 Necromancy
 - Level 6.0 Translocations
 - Level 8.0 Transmutations
 - Level 2.0 Fire Magic
 - Level 10.0 Air Magic
 - Level 12.0 Earth Magic
 - Level 14.0 Evocations


You had 4 spell levels left.
You knew the following spells:

 Your Spells              Type           Power      Damage    Failure   Level
a - Borgnjor's Vile Clut  Necr/Erth      33%        N/A       1%          5
b - Leda's Liquefaction   Hex/Erth       33%        N/A       1%          4
c - Summon Lightning Spi  Summ/Air       79%        N/A       1%          4
d - Yara's Violent Unrav  Hex/Tmut       30%        3d13      2%          5
e - Passage of Golubria   Tloc           46%        N/A       5%          4
g - Passwall              Tmut/Erth      50%        N/A       1%          2
h - Swiftness             Air            79%        N/A       1%          3
q - Dimensional Bullseye  Hex/Tloc       29%        N/A       1%          4
s - Inner Flame           Hex/Fire       51%        N/A       1%          3
t - Blink                 Tloc           92%        N/A       1%          2
v - Summon Mana Viper     Hex/Summ       64%        N/A       1%          5
x - Dispel Undead         Necr           67%        3d23      1%          4
z - Apportation           Tloc           92%        N/A       1%          1

Your spell library contained the following spells:

 Spells                   Type           Power      Damage    Failure   Level
 Kiss of Death            Conj/Necr      100%       2d13      1%          1
 Necrotise                Necr           100%       1d9       1%          1
 Sandblast                Erth           100%       2d20      1%          1
 Shock                    Conj/Air       100%       1d9       1%          1
 Sting                    Tmut/Pois      100%       1d8       1%          1
 Summon Small Mammal      Summ           100%       N/A       1%          1
 Call Imp                 Summ           100%       N/A       1%          2
 Cigotuvi's Dreadful Rot  Necr/Pois/Air  100%       N/A       1%          2
 Ensorcelled Hibernation  Hex/Ice        92%        N/A       1%          2
 Jinxbite                 Hex            100%       N/A       1%          2
 Lesser Beckoning         Tloc           92%        N/A       1%          2
 Poisonous Vapours        Pois/Air       100%       N/A       1%          2
 Static Discharge         Conj/Air       100%       2-7/arc   1%          2
 Sublimation of Blood     Necr           67%        N/A       1%          2
 Wereblood                Tmut           55%        N/A       1%          2
 Call Canine Familiar     Summ           61%        N/A       1%          3
 Confusing Touch          Hex            67%        N/A       1%          3
 Dazzling Flash           Conj/Hex       92%        N/A       1%          3
 Gell's Gravitas          Tloc           46%        N/A       1%          3
 Sigil of Binding         Hex            67%        N/A       1%          3
 Stone Arrow              Conj/Erth      92%        3d12      1%          3
 Summon Guardian Golem    Hex/Summ       64%        N/A       1%          3
 Teleport Other           Tloc           46%        N/A       1%          3
 Vampiric Draining        Necr           67%        2d10      1%          3
 Airstrike                Air            39%        2d(6-22)  1%          4
 Anguish                  Hex/Necr       33%        N/A       1%          4
 Animate Armour           Summ/Erth      100%       N/A       1%          4
 Cause Fear               Hex            33%        N/A       1%          4
 Petrify                  Tmut/Erth      61%        N/A       1%          4
 Momentum Strike          Conj/Tloc      62%        3d9       2%          2
 Volatile Blastmotes      Fire/Tloc      72%        2d16      3%          3
 Scorch                   Fire           52%        2d7       4%          2
 Mephitic Cloud           Conj/Pois/Air  49%        N/A       4%          3
 Magic Dart               Conj           60%        1d6       6%          1
 Summon Ice Beast         Ice/Summ       41%        N/A       8%          4
 Frozen Ramparts          Ice            30%        1d5       19%         3
 Hailstorm                Conj/Ice       15%        3d5       19%         3
 Flame Wave               Conj/Fire      20%        2d7       38%         4
 Sticky Flame             Conj/Fire      20%        2d4       38%         4
 Olgreb's Toxic Radiance  Pois           15%        N/A       52%         4
 Agony                    Necr           67%        N/A       1%          5
 Lee's Rapid Deconstruct  Erth           33%        3d17*     1%          5
 Silence                  Hex/Air        41%        N/A       1%          5
 Summon Forest            Summ/Tloc      27%        N/A       6%          5
 Death Channel            Necr           33%        N/A       7%          6
 Summon Cactus Giant      Summ           30%        N/A       16%         6
 Alistair's Intoxication  Tmut/Pois      24%        N/A       32%         5
 Irradiate                Conj/Tmut      18%        3d17      32%         5
 Enfeeble                 Hex            33%        N/A       36%         7
 Freezing Cloud           Conj/Ice/Air   24%        6-21      41%         5
 Dispersal                Tloc           23%        N/A       63%         6
 Leda's Unmaking          Conj/Erth      23%        9d4       63%         6
 Monstrous Menagerie      Summ           30%        N/A       65%         7
 Summon Hydra             Summ           30%        N/A       65%         7
 Fireball                 Conj/Fire      10%        3d6       75%         5
 Conjure Ball Lightning   Conj/Air       29%        3x3d8     77%         6
 Iskenderun's Battlesphe  Conj           15%        2d7       86%         5
 Eringya's Noxious Bog    Tmut/Pois      18%        4d6       88%         6
 Discord                  Hex            33%        N/A       96%         8
 Starburst                Conj/Fire      10%        6d5       99%         6
 Orb of Destruction       Conj           7%         9d6       100%        7
 Spellforged Servitor     Conj/Summ      20%        N/A       100%        7
 Ignition                 Fire           13%        3d6       100%        8
 Lehudib's Crystal Spear  Conj/Erth      23%        10d6      100%        8
 Maxwell's Capacitive Co  Air            39%        ∞         100%        8
 Dragon's Call            Summ           30%        N/A       100%        9
 Animate Dead             Necr           Unusable   N/A       N/A         4

Dungeon Overview and Level Annotations

Branches:
Dungeon (15/15)            Temple (1/1) D:6            Lair (5/5) D:10
  Swamp (4/4) Lair:3        Snake (4/4) Lair:2        Slime (5/5) Lair:4
    Orc (2/2) D:12            Elf (3/3) Orc:2        Vaults (5/5) D:14
  Crypt (3/3) Vaults:3       Tomb (0/3) Crypt:3      Depths (4/4) D:15
    Zot (5/5) Depths:4    Gauntlet (visited)

Altars:
Ashenzari
Cheibriados
Dithmenos
Elyvilon
Fedhas
Gozag
Hepliaklqana
Kikubaaqudgha
Makhleb
Nemelex Xobeh
Okawaru
Qazlal
Ru
Sif Muna
Trog
Uskayaw
Vehumet
Wu Jian
Xom
Yredelemnul
Zin
The Shining One
Jiyva

Shops:
D:10 (:   D:12 [*   D:13 [   D:14 (   D:15 =   Orc:2 (?[=   Elf:1 *   Elf:2 =
Snake:2 ([   Vaults:1 [   Vaults:3 ([***   Vaults:4 [*   Depths:2 *
Depths:4 *

Portals:
Hell: Depths:1 Depths:2 Depths:3 Depths:4
Abyss: Depths:2 Depths:3
Pandemonium: Depths:2 Depths:3
Ziggurat: Depths:4

Annotations:
Elf:2 3 runed translucent doors
Depths:2 3 runed translucent doors
Zot:3 1 transporter


Innate Abilities, Weirdness & Mutations

You sometimes lose your temper in combat.
Your mind is acute. (Int +4, Str/Dex -1)
Armour fits poorly on your strangely shaped body.
Your magical capacity is low. (-10% MP)
A frigid envelope surrounds you and freezes all who hurt you.
You are robust. (+10% HP)
You occasionally shout uncontrollably at your foes.
You occasionally lose the ability to drink potions when taking damage.


Message History

Press: ? - help, Dir - move target, f - shadow demon
Aim: a shadow demon (ally target) Attack!
Ruatash gestures at the shadow demon.
The poison arrow hits the shadow demon!!
The shadow demon partially resists.
The shadow demon is poisoned.
There is a stone staircase leading up, spattered with blood here.
Ruatash closely misses the shadow demon.
Your ice devil hits the shadow demon!
Your ice devil freezes the shadow demon.
The shadow demon resists.
The shadow demon hits your ice devil but does no damage.
You fly upwards.
There is a stone staircase leading down here.
A neqoxec comes into view.
You shoot an arrow. The arrow hits the neqoxec!!!
The arrow burns the neqoxec!
You kill the neqoxec!
There is a stone staircase leading up here.
You fly upwards.
There is a stone staircase leading down here.
Your balrug grins greedily, jangling a coin purse.
A balrug comes into view. It is wielding a +3 demon whip.
No target in view!
Fohink stares, then turns away, jangling a coin purse.
The lich stares, then turns away, jangling a coin purse.
A Fohink and a lich come into view.
The lorocyproca stares, then turns away, jangling a coin purse.
A lorocyproca comes into view.
There is a stone staircase leading up here.
You fly upwards.
There is a stone staircase leading down here.
Things that are here:
a +0 dagger; a +0 dagger
There is a stone staircase leading up here.
You fly upwards.
There is a stone staircase leading down here.
The Orb Guardian stares, then turns away, jangling a coin purse.
An Orb Guardian comes into view.
There is a staircase leading out of the dungeon here.
You have escaped!

............................)...#
.#...#.#.######...######....##..#
.#...#.#.# ##.....## #######..#
.#...#.#.# ##.......## ####...
.#####.#.###.........## #......
.#####.#.##...........## #......
....[..#.#.....~~~.....# #......
.#######.#....~...~....# #......
.......#.#....~.@.~....# #......
#......#.#....~...~....# #.[....
.......#.#.....≈~~.....# #......
##.....#.##...........## ####.##
.......#.###.........## #.#
##.....#.# ##.......## #######.#
.....#...## ##.....## #.......#
##+#.#....#####...######.##....#
.......#.....................#.#


There were no monsters in sight!

Vanquished Creatures
  the Royal Jelly (Slime:5)
  A dread lich (Zot:5)
  4 ancient liches
  8 orbs of fire
  Mennas (Vaults:4)
  2 juggernauts (Depths:1)
  3 royal mummies (Depths:3)
  Josephina (Depths:2)
  the Lernaean hydra (Swamp:4)
  Bai Suzhen (Swamp:4)
  6 Killer Klowns
  5 curse toes
  Xtahua (Vaults:4)
  9 golden dragons
  Nikola (Depths:1)
  2 bone dragons
  A shard shrike zombie (Crypt:3)
  5 electric golems
  21 tentacled monstrosities
  26 Orb Guardians
  2 deep elf blademasters (Elf:3)
  The ghost of Dadghomedgh the Thaumaturge, an adept GnHW of Sif Muna (Snake:1)
  4 liches
  Asterion (Snake:4)
  5 titans
  7 sphinxes
  9 acid blobs
  4 quicksilver dragons
  2 deep elf master archers (Elf:3)
  The ghost of Zonian the Severer, an adept HOFi of Beogh (Snake:1)
  The ghost of Notanamesir the Warrior, an adept DsGl of Sif Muna (Snake:4)
  10 death cobs
  Gastronok (D:10)
  Kirke (D:11)
  2 ancient champions (Crypt:1)
  The ghost of Sovam the Convoker, an adept TeSu of Hepliaklqana (Snake:1)
  8 tengu reavers
  10 shadow dragons
  Aizul (Swamp:2)
  11 storm dragons
  5 draconian monks
  9 fire giants
  15 azure jellies
  4 nagarajas (Snake:4)
  A fenstrider witch (Swamp:4)
  A revenant (Crypt:2)
  9 frost giants
  2 iron dragons
  8 draconian knights
  The ghost of Hih Uni the Severer, a journeyman MiFi of Okawaru (Snake:1)
  9 vault wardens
  9 rockslimes
  The ghost of Unotosimoa the Bludgeoner, an adept GrFi of Gozag (Snake:1)
  2 deep elf elementalists (Elf:3)
  2 caustic shrike zombies
  6 deep elf sorcerers
  6 ghost moths
  2 draconian scorchers
  2 draconian shifters (Zot:2)
  3 orc warlords
  15 ironbound preservers
  A curse skull (Crypt:3)
  2 draconian stormcallers
  2 formless jellyfish
  A ghoul (Crypt:1)
  A spriggan defender (Depths:1)
  2 caustic shrike skeletons
  18 stone giants
  17 very ugly things
  2 draconian annihilators
  4 ironbound thunderhulks
  5 war gargoyles
  7 deep elf demonologists
  9 quicksilver oozes
  A lorocyproca (Depths:2)
  4 eleionomae
  8 vampire knights
  6 yellow draconians
  9 dire elephants
  7 green draconians
  6 white draconians
  6 deep elf annihilators (Elf:3)
  5 purple draconians
  A minotaur (Gauntlet)
  4 spark wasps (Depths:1)
  9 black draconians
  4 bunyips
  5 red draconians
  2 eidola (Crypt:2)
  4 deep elf death magi (Elf:3)
  A blizzard demon (Depths:4)
  A green death (Depths:3)
  A crystal guardian (Vaults:4)
  A quicksilver dragon zombie (Crypt:1)
  2 mummy priests (Depths:3)
  10 ettins
  A merfolk impaler (Depths:4)
  A merfolk javelineer (Depths:3)
  A shambling mangrove (Swamp:4)
  2 deep elf high priests (Elf:3)
  6 jiangshi
  11 yaktaur captains
  7 fire dragons
  2 entropy weavers (Vaults:2)
  12 great orbs of eyes
  3 rakshasas
  A spriggan zombie (Crypt:3)
  A fenstrider witch zombie (Crypt:3)
  30 vault guards
  8 ice dragons
  7 spriggan air magi
  Erolcha (D:9)
  21 hydras
  A hell beast (Depths:4)
  2 salamander tyrants
  5 ogre magi
  15 centaur warriors
  8 anacondas
  3 catoblepae (Lair:5)
  10 ironbound frosthearts
  A ghost crab (Swamp:4)
  2 peacekeepers
  16 two-headed ogres
  27 dancing weapons
  9 alligators
  8 naga warriors
  8 vampire magi
  6 boulder beetles
  An orc high priest (Elf:1)
  A hell hog (Depths:4)
  5 deep troll shamans
  A sphinx skeleton (Crypt:1)
  5 deep troll earth magi
  17 death yaks
  7 shock serpents
  8 tengu warriors
  A death scarab (Gauntlet)
  2 soul eaters
  9 hell knights
  3 spriggan berserkers (Depths:2)
  11 deep elf knights
  12 naga sharpshooters
  3 skysharks
  5 iron trolls
  A titan skeleton (Crypt:1)
  Amaemon (D:8)
  6 goliath frogs
  Nergalle (D:11)
  2 flayed ghosts
  4 salamander mystics
  A shadow wraith (Crypt:2)
  A sixfirhy (Zot:4)
  29 skeletal warriors
  12 deep elf archers
  7 glowing orange brains
  52 deep trolls
  12 swamp dragons
  9 bog bodies
  2 spriggan druids (Swamp:4)
  16 ironbound convokers
  4 wizards
  A spriggan simulacrum (Depths:2)
  5 naga ritualists (Snake:4)
  2 tengu zombies
  11 orc knights
  2 orange crystal statues
  6 lindwurms
  8 harpies
  9 phantasmal warriors
  21 deep elf zephyrmancers
  A bunyip skeleton (Crypt:3)
  6 mana vipers
  5 necromancers
  An anaconda skeleton (Crypt:1)
  A goliath frog zombie (Crypt:2)
  28 deep elf pyromancers
  16 ugly things
  4 oklob plants (Lair:1)
  6 will-o-the-wisps
  4 shining eyes
  14 salamanders
  10 orc sorcerers
  5 cyclopes
  A faun (Snake:2)
  4 manticores
  2 elephants (Lair:5)
  A torpor snail (Lair:1)
  An iron dragon skeleton (Crypt:3)
  10 naga magi
  Joseph (D:7)
  27 moths of wrath
  3 eyes of devastation
  A titan simulacrum (Depths:2)
  2 human skeletons (Vaults:1)
  5 gargoyles
  4 guardian serpents
  5 smoke demons (Crypt:3)
  12 vault sentinels
  7 centaur skeletons
  A dire elephant zombie (Crypt:3)
  2 molten gargoyles (Lair:3)
  2 water nymphs (Swamp:3)
  32 black mambas
  A dire elephant skeleton (Crypt:3)
  2 orange demons
  2 unseen horrors (D:12)
  A hellion (Depths:3)
  Jeremiah (D:7)
  An unseen horror (shapeshifter) (Depths:3)
  A kobold demonologist (D:5)
  A komodo dragon (shapeshifter) (D:13)
  9 cane toads
  Maggie (Lair:1)
  A catoblepas zombie (Crypt:2)
  A bunyip simulacrum (Crypt:1)
  4 freezing wraiths
  An orb spider zombie (Crypt:2)
  3 komodo dragons
  A yaktaur zombie (Vaults:4)
  Psyche (D:10)
  A rime drake (Lair:1)
  4 tengu conjurers
  An efreet (D:14)
  25 yaktaurs
  A golden dragon simulacrum (Depths:2)
  12 trolls
  A yaktaur skeleton (Vaults:4)
  9 tyrant leeches
  2 harpy zombies (Crypt:3)
  2 polar bears
  5 red devils
  A tarantella (shapeshifter) (Elf:3)
  4 blink frogs (Lair:5)
  2 bloated husks (Swamp:1)
  Prince Ribbit (D:7)
  6 hornets
  2 yellow draconian skeletons (Crypt:2)
  A harpy skeleton (Crypt:3)
  92 slime creatures
  5 dream sheep (Lair:4)
  2 jumping spiders (Vaults:2)
  A stone giant simulacrum (Vaults:4)
  3 centaur simulacra (D:15)
  An ettin zombie (Crypt:3)
  5 flying skulls (Crypt:1)
  6 shadows
  3 air elementals
  7 spriggans
  2 basilisks
  57 yaks
  A ynoxinul (Depths:3)
  An ettin skeleton (Crypt:1)
  4 vampires
  5 wraiths
  13 water elementals
  3 wyverns
  A human (D:11)
  A golden eye (shapeshifter) (D:15)
  3 golden eyes (Slime:5)
  A steam dragon (Lair:1)
  Grum (D:9)
  A hog (D:12)
  6 fire elementals
  2 redbacks (Vaults:2)
  3 vampire mosquitoes (D:14)
  A chaos spawn (Depths:3)
  A neqoxec (D:4)
  16 swamp worms
  48 nagas
  2 wargs (Orc:1)
  12 water moccasins
  A demonspawn zombie (Crypt:2)
  A naga zombie (Crypt:3)
  3 acid dragons
  3 hell hounds (D:12)
  2 deep troll skeletons
  5 floating eyes
  25 orc warriors
  4 swamp drakes (Swamp:4)
  An ice beast (D:5)
  A black bear (shapeshifter) (D:13)
  3 black bears
  A sky beast (D:7)
  18 ogres
  A manticore zombie (Crypt:2)
  12 centaurs
  26 wolves
  3 phantoms
  A hog skeleton (Crypt:1)
  2 kobold brigands
  A wyvern zombie (D:6)
  8 bullfrogs
  A necrophage (Crypt:1)
  A gnoll sergeant (D:9)
  3 scorpions
  A draconian skeleton (Crypt:1)
  A water moccasin zombie (D:6)
  A raiju skeleton (Crypt:1)
  3 electric eels
  10 howler monkeys
  3 centaur zombies
  4 jellies
  5 lava snakes (Lair:3)
  3 bullfrog zombies (D:6)
  3 iron imps (D:9)
  A basilisk zombie (Crypt:1)
  19 orc priests
  3 hounds
  2 gnoll boudas
  5 iguanas
  A sleepcap (D:4)
  34 orc wizards
  5 hell rats (Lair:5)
  A killer bee zombie (D:6)
  Robin (D:2)
  13 gnolls
  5 adders
  2 shadow imps
  A white imp (D:6)
  3 ufetubi
  A worm (D:2)
  A dart slug (D:4)
  81 orcs
  14 bats
  3 endoplasms
  2 giant cockroaches
  14 goblins
  4 hobgoblins
  3 quokkas
  6 ball pythons
  A dart slug zombie (Crypt:1)
  A frilled lizard (D:1)
  11 kobolds
  5 rats
  A spectral weapon (Snake:4)
2065 creatures vanquished.

Vanquished Creatures (collateral kills)
  A pandemonium lord (Depths:2)
  Parghit (Zot:1)
  An acid blob (Slime:4)
  A vault warden (Vaults:1)
  2 nagarajas (Snake:4)
  A ghoul (Crypt:1)
  A formless jellyfish (Slime:2)
  Azrael (D:12)
  A bunyip (Swamp:1)
  3 dire elephants
  4 centaur warriors (Vaults:1)
  A naga warrior (Snake:4)
  An orc high priest (Orc:1)
  A salamander mystic (Snake:2)
  2 goliath frogs (Swamp:1)
  A spectral hydra (Gauntlet)
  A necromancer (Crypt:1)
  A deep elf pyromancer (D:13)
  A bog body (Swamp:4)
  An ironbound convoker (Vaults:1)
  A deep elf zephyrmancer (Orc:1)
  2 shining eyes
  3 salamanders (Snake:2)
  A cyclops (D:13)
  An orc sorcerer (Orc:2)
  A will-o-the-wisp (Swamp:4)
  4 elephants (Lair:5)
  A vault sentinel (Vaults:4)
  A guardian serpent (Snake:1)
  A black mamba (Snake:2)
  A centaur skeleton (D:14)
  A polar bear (Lair:4)
  A hornet (Swamp:1)
  4 slime creatures
  A spriggan (Swamp:1)
  A redback (Vaults:2)
  A naga (Snake:4)
  A naga zombie (Crypt:1)
  2 water moccasins (Lair:5)
  3 swamp drakes (Swamp:4)
  An orc warrior (Orc:1)
  A wolf (Lair:4)
  A centaur (D:14)
  A crimson imp (Depths:2)
  An orc wizard (Orc:2)
  A gnoll (D:5)
  An orc (Orc:2)
66 creatures vanquished.

Vanquished Creatures (others)
  A red draconian (Zot:1)
  A green draconian (Zot:1)
  A naga warrior (Snake:1)
  A deep elf zephyrmancer (Elf:1)
  A vault sentinel (Vaults:1)
  A golden dragon simulacrum (Depths:2)
  A bloated husk (Swamp:4)
  A slime creature (Vaults:1)
  2 humans (D:12)
  An acid dragon (D:7)
  A centaur (D:7)
  A bullfrog (D:6)
  12 foxfires
25 creatures vanquished.

Grand Total: 2156 creatures vanquished

Notes
Turn   | Place    | Note
-------+----------+-------------------------------------------
     0 | D:1      | PaperRat the Human Hexslinger began the quest for the Orb.
     0 | D:1      | Reached XP level 1. HP: 15/15 MP: 2/2
   362 | D:1      | Reached skill level 1 in Stealth
   428 | D:1      | Reached XP level 2. HP: 21/21 MP: 3/3
   433 | D:1      | Learned a level 2 spell: Jinxbite
  1033 | D:1      | Found a faded altar of an unknown god.
  1047 | D:1      | Prayed at the altar of an unknown god.
  1047 | D:1      | Became a worshipper of Gozag Ym Sagoz the Greedy
  1162 | D:2      | Reached XP level 3. HP: 26/26 MP: 1/4
  1590 | D:2      | Reached XP level 4. HP: 33/33 MP: 0/5
  1706 | D:2      | Learned a level 3 spell: Inner Flame
  1771 | D:2      | Noticed Robin
  1780 | D:2      | Reached skill level 3 in Ranged Weapons
  1844 | D:2      | Killed Robin
  2585 | D:3      | Reached skill level 1 in Evocations
  2585 | D:3      | Reached XP level 5. HP: 38/38 MP: 3/6
  2684 | D:3      | Noticed Terence
  2711 | D:3      | Terence changed into Terence the ball python
  2711 | D:3      | Noticed Terence
  2712 | D:3      | Killed Terence the ball python
  2989 | D:4      | Noticed a bullfrog
  2996 | D:4      | Killed a bullfrog
  2997 | D:4      | Reached skill level 4 in Ranged Weapons
  2997 | D:4      | Reached XP level 6. HP: 36/44 MP: 4/7
  3377 | D:4      | Reached skill level 5 in Ranged Weapons
  3531 | D:4      | Identified the +6 trident of Gehenna {heavy, Int+4}
  3929 | D:5      | Entered Level 5 of the Dungeon
  3940 | D:5      | Found a shimmering altar of Xom.
  3947 | D:5      | Reached XP level 7. HP: 51/51 MP: 5/8
  4350 | D:5      | Noticed a kobold demonologist
  4361 | D:5      | Killed a kobold demonologist
  4362 | D:5      | Reached skill level 6 in Ranged Weapons
  4362 | D:5      | Reached XP level 8. HP: 60/60 MP: 4/9
  4645 | D:5      | Found an iron altar of Okawaru.
  4788 | D:5      | Reached skill level 7 in Ranged Weapons
  5054 | D:5      | Learned a level 4 spell: Cause Fear
  5434 | D:6      | Found a basalt altar of Yredelemnul.
  5542 | D:6      | Reached XP level 9. HP: 66/66 MP: 9/11
  5690 | D:6      | Found a staircase to the Ecumenical Temple.
  5697 | Temple   | Entered the Ecumenical Temple
  5991 | D:6      | Noticed a two-headed ogre
  6017 | D:6      | Killed a two-headed ogre
  6018 | D:6      | Reached skill level 5 in Fighting
  6018 | D:6      | Reached skill level 8 in Ranged Weapons
  6018 | D:6      | Reached skill level 5 in Hexes
  6265 | D:6      | Learned a level 2 spell: Passwall
  6278 | D:6      | Reached skill level 1 in Earth Magic
  6793 | D:7      | Reached XP level 10. HP: 76/76 MP: 13/13
  6868 | D:7      | Noticed Prince Ribbit
  6892 | D:7      | Killed Prince Ribbit
  7057 | D:7      | Noticed Joseph
  7066 | D:7      | Killed Joseph
  7067 | D:7      | Reached skill level 9 in Ranged Weapons
  7130 | D:7      | Noticed Jeremiah
  7156 | D:7      | Killed Jeremiah
  7641 | D:7      | Found a sacrificial altar of Ru.
  8130 | D:8      | Found an ornate altar of the Wu Jian Council.
  8219 | D:8      | Noticed an orange demon
  8225 | D:8      | Noticed Amaemon
  8253 | D:8      | Killed Amaemon
  8256 | D:8      | Reached XP level 11. HP: 84/84 MP: 6/14
  8598 | D:8      | Reached skill level 5 in Dodging
  8968 | D:8      | Learned a level 3 spell: Swiftness
  8972 | D:9      | Noticed Grum
  9157 | D:9      | Killed Grum
  9208 | D:9      | Noticed a two-headed ogre
  9219 | D:9      | Killed a two-headed ogre
  9220 | D:9      | Reached skill level 10 in Ranged Weapons
  9540 | D:9      | Noticed Erolcha
  9601 | D:9      | Found a burning altar of Makhleb.
  9769 | D:9      | Found a radiant altar of Vehumet.
  9945 | D:9      | Noticed a two-headed ogre
  9969 | D:9      | Killed a two-headed ogre
 10206 | D:9      | Found a shadowy altar of Dithmenos.
 10326 | D:10     | Entered Level 10 of the Dungeon
 10485 | D:10     | Found Seiniego's Book Shop.
 10543 | D:10     | Noticed Gastronok
 10572 | D:10     | Noticed Psyche
 10575 | D:10     | Killed Psyche
 10622 | D:10     | Found a staircase to the Lair.
 11105 | D:10     | Killed Gastronok
 11216 | Lair:1   | Entered Level 1 of the Lair of Beasts
 11226 | D:10     | Bought the +5 sling "Qazxonow" {heavy, *Corrode rF+ Str+3
                  | Dex+5} for 793 gold pieces
 11337 | Lair:1   | Reached skill level 11 in Ranged Weapons
 11344 | Lair:1   | Reached XP level 12. HP: 87/95 MP: 15/15
 12381 | Lair:1   | Noticed Maggie
 12389 | Lair:1   | Killed Maggie
 12726 | Lair:1   | Reached skill level 10 in Fighting
 12726 | Lair:1   | Reached skill level 1 in Armour
 13005 | Lair:2   | Found a staircase to the Snake Pit.
 13548 | Lair:2   | Reached skill level 12 in Ranged Weapons
 13849 | Lair:2   | Learned a level 4 spell: Summon Lightning Spire
 14323 | Lair:2   | Upgraded the game from 0.31-a0-705-ga145531891 to
                  | 0.31-a0-716-gc7603755dd
 14470 | Lair:3   | Reached skill level 1 in Summonings
 14470 | Lair:3   | Reached skill level 1 in Air Magic
 14470 | Lair:3   | Reached XP level 13. HP: 85/103 MP: 16/19
 14709 | Lair:3   | You fall into a shaft and drop 1 floor!
 14741 | Lair:4   | Reached skill level 10 in Hexes
 14861 | Lair:3   | Got Xeameux's Discourse on Force
 15034 | Lair:3   | Noticed a five-headed hydra
 15040 | Lair:3   | Killed a five-headed hydra
 15040 | Lair:3   | Noticed a seven-headed hydra
 15043 | Lair:3   | Killed a seven-headed hydra
 15163 | Lair:3   | Found a staircase to the Swamp.
 16191 | Lair:4   | Reached skill level 13 in Ranged Weapons
 16351 | Lair:4   | Found a staircase to the Slime Pits.
 16352 | Lair:4   | Found a viscous altar of Jiyva.
 16401 | Lair:4   | Reached skill level 5 in Air Magic
 16483 | Lair:4   | Reached skill level 5 in Summonings
 16760 | Lair:5   | Entered Level 5 of the Lair of Beasts
 16817 | Lair:5   | Noticed a six-headed hydra
 16821 | Lair:5   | Noticed a six-headed hydra
 16826 | Lair:4   | Killed a six-headed hydra
 16862 | Lair:5   | Killed a six-headed hydra
 16886 | Lair:5   | Reached XP level 14. HP: 107/110 MP: 17/20
 16964 | Lair:5   | Identified the +6 war axe "Hydrabane" {protect, rF+ rN+
                  | Str-2 SInv}
 17584 | Lair:5   | Reached skill level 14 in Ranged Weapons
 18343 | Lair:5   | Reached skill level 5 in Evocations
 18555 | Lair:5   | Reached skill level 5 in Spellcasting
 18667 | Lair:5   | Learned a level 5 spell: Borgnjor's Vile Clutch
 18921 | D:11     | Noticed Nergalle
 18935 | D:11     | Killed Nergalle
 19236 | D:11     | You fall into a shaft and drop 2 floors!
 19492 | D:13     | Found a gate leading to a gauntlet.
 19517 | Gauntlet | Entered a Gauntlet
 19517 | Gauntlet | Found a transporter.
 19517 | Gauntlet | Found a transporter.
 19526 | Gauntlet | Found a transporter.
 19541 | Gauntlet | Found a transporter.
 19558 | Gauntlet | Found a transporter.
 19572 | Gauntlet | Found a transporter.
 19594 | Gauntlet | Found a transporter.
 19595 | Gauntlet | Found the +2 cloak of the Thief {*Fog Slay-2 SInv Stlth+}
 19665 | Gauntlet | Found a transporter.
 19683 | Gauntlet | Found a transporter.
 19694 | Gauntlet | Found a transporter.
 19696 | Gauntlet | Found a transporter.
 19726 | Gauntlet | Found a transporter.
 19749 | Gauntlet | Found a transporter.
 19754 | Gauntlet | Found a transporter.
 19799 | Gauntlet | Found a transporter.
 19819 | Gauntlet | Found a transporter.
 19933 | Gauntlet | Reached XP level 15. HP: 75/115 MP: 15/23
 19983 | Gauntlet | Identified the ring of Xiul {Fly rF+ Stlth+}
 20025 | Gauntlet | Reached skill level 1 in Necromancy
 20071 | Gauntlet | Identified the +0 glaive of Generosity {protect, rElec rN+
                  | Str+3}
 20111 | Gauntlet | Reached skill level 5 in Earth Magic
 20201 | D:12     | Noticed Kirke
 20204 | D:12     | Noticed a sphinx
 20406 | D:12     | Noticed Nessos
 20408 | D:12     | Nessos changed into Nessos the mana viper
 20408 | D:12     | Noticed Nessos
 20426 | D:13     | Killed Nessos the mana viper
 20522 | D:12     | Identified the +10 dagger "Pearun" {vamp, rN+ Dex+5}
 20577 | D:12     | Found a staircase to the Orcish Mines.
 21179 | D:11     | Noticed Urug
 21183 | D:11     | Urug changed into Urug the lindwurm
 21183 | D:11     | Noticed Urug
 21192 | D:11     | Killed Urug the lindwurm
 21544 | D:11     | Killed Kirke
 21850 | D:12     | Found an ornate altar of the Wu Jian Council.
 21897 | D:12     | Noticed Azrael
 22174 | D:12     | Killed Azrael
 22494 | Orc:1    | Entered Level 1 of the Orcish Mines
 22726 | Orc:2    | Entered Level 2 of the Orcish Mines
 22788 | Orc:2    | Found a staircase to the Elven Halls.
 22852 | Orc:1    | Noticed an orc warlord
 22854 | Orc:1    | Identified the +8 scimitar of Ojefin {heavy, rPois rC++
                  | Str-4 Int+4}
 23212 | Orc:1    | Killed an orc warlord
 23354 | Orc:1    | Reached skill level 5 in Necromancy
 23771 | Orc:2    | Reached XP level 16. HP: 120/125 MP: 22/25
 24430 | Orc:2    | Found Yligroar's Jewellery Boutique.
 24508 | Orc:2    | Found a radiant altar of Vehumet.
 24605 | Orc:2    | Found Qugater's Antique Armour Shop.
 24675 | Orc:2    | Found an ancient bone altar of Kikubaaqudgha.
 24712 | Orc:2    | Found Caloyroq's Antique Weapon Boutique.
 24729 | Orc:2    | Found Syful's Magic Scroll Shop.
 24742 | Orc:2    | Bought a scroll of identify for 26 gold pieces
 24742 | Orc:2    | Bought a scroll of identify for 26 gold pieces
 25175 | Orc:2    | Bought a pair of fine gloves for 313 gold pieces
 25175 | Orc:2    | Identified the +1 pair of gloves of the Unbroken {rC+ rN+
                  | Str+2} (You bought it in a shop on level 2 of the Orcish
                  | Mines)
 25175 | Orc:2    | Bought a masterwork cloak for 313 gold pieces
 25175 | Orc:2    | Identified the +0 cloak "Atrol" {Str+4} (You bought it in a
                  | shop on level 2 of the Orcish Mines)
 25187 | Orc:2    | Bought a dyed leather armour for 165 gold pieces
 25187 | Orc:2    | Bought a glowing robe for 122 gold pieces
 25204 | Orc:2    | Bought a scroll of identify for 26 gold pieces
 25204 | Orc:2    | Bought a scroll of blinking for 97 gold pieces
 25204 | Orc:2    | Bought a scroll of enchant weapon for 97 gold pieces
 25204 | Orc:2    | Bought a scroll of teleportation for 39 gold pieces
 25426 | D:9      | Killed Erolcha
 25553 | D:9      | Learned a level 4 spell: Leda's Liquefaction
 26013 | D:13     | Found Tirec's Armour Emporium.
 26368 | D:14     | Found a blossoming altar of Fedhas.
 26553 | D:14     | Reached skill level 10 in Earth Magic
 26697 | D:14     | Found a gate to the Vaults.
 27076 | D:14     | Found Nyakynt's Weapon Boutique.
 27080 | D:14     | Reached skill level 15 in Ranged Weapons
 27469 | D:15     | Entered Level 15 of the Dungeon
 28429 | D:15     | Reached XP level 17. HP: 133/133 MP: 23/26
 28499 | D:15     | Found a staircase to the Depths.
 29039 | D:15     | Bought the ring "Peqed" {AC+4 Str+2 Dex+3 SInv} for 980
                  | gold pieces
 29431 | Snake:1  | Entered Level 1 of the Snake Pit
 29968 | Snake:1  | Found a runed translucent gate.
 29968 | Snake:1  | Found a runed translucent gate.
 29968 | Snake:1  | Found a runed translucent gate.
 29969 | Snake:1  | Noticed Hih Uni's ghost (journeyman MiFi)
 29969 | Snake:1  | Noticed Unotosimoa's ghost (adept GrFi)
 29969 | Snake:1  | Noticed Sovam's ghost (adept TeSu)
 29969 | Snake:1  | Noticed Dadghomedgh's ghost (adept GnHW)
 29969 | Snake:1  | Noticed Zonian's ghost (adept HOFi)
 30139 | Snake:1  | Identified a scroll of acquirement
 30562 | D:10     | Bought a manual of Necromancy for 960 gold pieces
 31190 | Snake:2  | Reached skill level 16 in Ranged Weapons
 31245 | Snake:2  | Learned a level 2 spell: Blink
 31300 | Snake:2  | Found Omnoew's Antique Weapon Emporium.
 31302 | Snake:2  | Found Xuavop's Antique Armour Shoppe.
 31310 | Snake:2  | Bought a twisted helmet for 285 gold pieces
 31310 | Snake:2  | Identified the +1 helmet of the Enchanted Forest {Str+2
                  | Dex+4} (You bought it in a shop on level 2 of the Snake
                  | Pit)
 31493 | Snake:2  | Reached skill level 1 in Translocations
 31928 | Snake:2  | Bought a translucent ring mail for 270 gold pieces
 31928 | Snake:2  | Identified the +1 ring mail of a Gauntlet {Will+ Slay-3
                  | SInv} (You bought it in a shop on level 2 of the Snake Pit)
 32929 | Snake:4  | Entered Level 4 of the Snake Pit
 33183 | Snake:4  | Reached XP level 18. HP: 139/142 MP: 13/29
 33446 | Snake:4  | Found a runed translucent gate.
 33446 | Snake:4  | Found a runed translucent gate.
 33447 | Snake:4  | Found a runed translucent gate.
 33447 | Snake:4  | Noticed Notanamesir's ghost (adept DsGl)
 33457 | Snake:4  | Learned a level 4 spell: Dispel Undead
 33465 | Snake:4  | Killed Notanamesir's ghost
 33748 | Snake:4  | Noticed Asterion
 33957 | Snake:4  | Reached skill level 10 in Dodging
 33957 | Snake:4  | Reached skill level 10 in Necromancy
 34718 | Snake:4  | Got a serpentine rune of Zot
 34955 | Snake:4  | Killed Asterion
 35256 | Swamp:1  | Entered Level 1 of the Swamp
 35296 | Swamp:1  | Reached skill level 17 in Ranged Weapons
 35786 | Swamp:1  | Noticed a tentacled monstrosity
 35820 | Swamp:1  | Killed a tentacled monstrosity
 36237 | Snake:1  | Killed Hih Uni's ghost
 36401 | Snake:1  | Killed Zonian's ghost
 36517 | Snake:1  | Killed Dadghomedgh's ghost
 36518 | Snake:1  | Reached XP level 19. HP: 130/152 MP: 26/31
 36562 | Snake:1  | Identified the ring of Conformity {rN+ Int-4 Dex+3 SInv}
 36570 | Snake:1  | Identified the ring of Oqav {rF+ rCorr Dex+2 Stlth+}
 36614 | Snake:1  | Killed Sovam's ghost
 36636 | Snake:1  | Killed Unotosimoa's ghost
 37060 | Swamp:2  | Noticed Aizul
 37078 | Swamp:2  | Killed Aizul
 37766 | Swamp:3  | Reached skill level 18 in Ranged Weapons
 37784 | Swamp:3  | Reached skill level 5 in Armour
 38018 | Swamp:3  | Identified the +1 quarterstaff of Xeuh Irgh {heavy, rF+
                  | MP+9}
 38423 | Swamp:4  | Entered Level 4 of the Swamp
 39183 | Swamp:4  | Noticed the 27-headed Lernaean hydra
 39190 | Swamp:4  | Killed the 27-headed Lernaean hydra
 39334 | Swamp:4  | Learned a level 4 spell: Dimensional Bullseye
 39351 | Swamp:4  | Noticed Bai Suzhen
 39366 | Swamp:4  | Killed Bai Suzhen
 39517 | Swamp:4  | Got a decaying rune of Zot
 39980 | D:12     | Bought a pair of runed boots for 270 gold pieces
 39982 | D:12     | Bought a lightning rod (4/4) for 1440 gold pieces
 40031 | Elf:1    | Entered Level 1 of the Elven Halls
 40072 | Orc:2    | Reached XP level 20. HP: 94/159 MP: 19/32
 40695 | Elf:1    | Reached skill level 19 in Ranged Weapons
 40806 | Elf:1    | Reached skill level 5 in Translocations
 40888 | Elf:1    | Paralysed by an air elemental for 1 turns
 41192 | Elf:1    | Found Peefukoh's Gadget Gallery.
 41201 | Elf:1    | Bought a wand of light (5) for 357 gold pieces
 41201 | Elf:1    | Bought a wand of digging (7) for 499 gold pieces
 41552 | Elf:2    | Found Himoiloc's Jewellery Emporium.
 41559 | Elf:2    | Bought the amulet of the Air {Inacc Air Fly rElec RMsl} for
                  | 526 gold pieces
 41559 | Elf:2    | Found the amulet of the Air {Inacc Air Fly rElec RMsl}
 41932 | Elf:2    | Learned a level 5 spell: Summon Mana Viper
 41975 | Elf:2    | Paralysed by an air elemental for 1 turns
 41984 | Elf:2    | Paralysed by an air elemental for 1 turns
 42256 | Elf:2    | Found a runed translucent gate.
 42256 | Elf:2    | Found a runed translucent gate.
 42257 | Elf:2    | Found a runed translucent gate.
 42366 | Elf:3    | Entered Level 3 of the Elven Halls
 43164 | Elf:3    | Reached XP level 21. HP: 149/166 MP: 5/34
 43176 | Elf:3    | Reached skill level 10 in Armour
 43605 | Elf:3    | Acquired 903 gold pieces
 43608 | Elf:3    | Identified the +0 leather armour of Impermeability {Drain
                  | rN+++ MP-9 Int+3}
 43694 | Elf:3    | Identified the +0 cloak of the Elven Halls {Regen+ rCorr
                  | Dex+8 Stlth-}
 43803 | Elf:3    | Identified the amulet of Perulepn {Spirit rN+ rCorr}
 43813 | Elf:3    | Identified the +4 trident "Ynorhy" {freeze, rF++ Int-2}
 43819 | Elf:3    | Identified the ring "Vith" {+Blink rF+ rC- Dex+2}
 44100 | Vaults:1 | Entered Level 1 of the Vaults
 44654 | Vaults:1 | You are sucked into a shaft and drop 1 floor!
 45484 | Vaults:1 | Reached skill level 20 in Ranged Weapons
 45654 | Vaults:1 | Reached skill level 15 in Fighting
 46059 | Vaults:1 | Found Maphixio's Armour Shoppe.
 46547 | Vaults:2 | Reached XP level 22. HP: 175/175 MP: 35/35
 47115 | Vaults:2 | Reached skill level 10 in Spellcasting
 47121 | Vaults:2 | Learned a level 5 spell: Yara's Violent Unravelling
 47623 | Vaults:3 | Reached skill level 1 in Transmutations
 47689 | Vaults:3 | Reached skill level 10 in Summonings
 47720 | Vaults:3 | Found a staircase to the Crypt.
 47720 | Vaults:3 | Found a basalt altar of Yredelemnul.
 47721 | Vaults:3 | Found an ancient bone altar of Kikubaaqudgha.
 48179 | Vaults:3 | Found Joguhit's Assorted Antiques.
 48182 | Vaults:3 | Bought a potion of heal wounds for 125 gold pieces
 48182 | Vaults:3 | Bought a potion of heal wounds for 125 gold pieces
 48182 | Vaults:3 | Bought a wand of light (4) for 420 gold pieces
 48267 | Vaults:3 | Found Hauklak's Antique Armour Shoppe.
 48501 | Vaults:3 | Found Ischesymai's Weapon Boutique.
 48651 | Vaults:3 | Found Jisanadu's Assorted Antiques.
 49786 | Vaults:3 | Found Diotusm's Assorted Antiques.
 49794 | Vaults:3 | Bought a potion of mutation for 264 gold pieces
 49794 | Vaults:3 | Bought a scroll of immolation for 132 gold pieces
 49794 | Vaults:3 | Bought a transparent leather armour for 231 gold pieces
 49794 | Vaults:3 | Identified the +3 leather armour "Akkoheawn" {rF+++ Regen+
                  | Str+3 Dex-2} (You bought it in a shop on level 3 of the
                  | Vaults)
 49846 | Vaults:3 | Bought a pair of ancient gloves for 237 gold pieces
 49846 | Vaults:3 | Identified the +1 pair of gloves "Urunt" {Rampage rCorr
                  | Str-2 SInv Stlth-} (You bought it in a shop on level 3 of
                  | the Vaults)
 49853 | Vaults:3 | Bought quicksilver dragon scales for 1500 gold pieces
 49867 | Vaults:3 | Bought a phantom mirror for 1880 gold pieces
 50238 | Vaults:4 | Noticed Mennas
 50255 | Vaults:4 | Reached XP level 23. HP: 183/183 MP: 23/37
 50296 | Vaults:4 | Killed Mennas
 50737 | Vaults:4 | Reached skill level 5 in Transmutations
 51029 | Vaults:4 | Noticed Xtahua
 51045 | Vaults:4 | Killed Xtahua
 51314 | Vaults:4 | Found Ybreotol's Assorted Antiques.
 51333 | Vaults:4 | Found Gykuotwu's Armour Shop.
 51981 | Slime:1  | Entered Level 1 of the Pits of Slime
 51983 | Slime:1  | Gained mutation: You sometimes lose your temper in combat.
                  | [a shining eye]
 52234 | Slime:2  | Paralysed by a formless jellyfish for 1 turns
 52847 | Slime:4  | Gained mutation: You have hidden genetic defects. [a
                  | shining eye]
 52849 | Slime:4  | Gained mutation: You are dopey. (Int -2) [a shining eye]
 53152 | Slime:5  | Entered Level 5 of the Pits of Slime
 53278 | Slime:5  | Gained mutation: You are clumsy. (Dex -2) [a shining eye]
 53596 | Slime:5  | Paralysed by a floating eye for 3 turns
 54230 | Slime:5  | Gained mutation: You have an uncontrollable temper. [hidden
                  | defects]
 54424 | Slime:5  | Found a viscous altar of Jiyva.
 54424 | Slime:5  | Noticed the Royal Jelly
 54470 | Slime:5  | Killed the Royal Jelly
 54471 | Slime:5  | Reached XP level 24. HP: 178/193 MP: 24/38
 54499 | Slime:5  | Found the +2 Maxwell's thermic engine {flame, freeze, rev}
 54652 | Slime:5  | Identified the +6 hand axe of Duty {protect, Str+2 SInv}
 54657 | Slime:5  | Identified the +3 shortbow "Puxim" {freeze, SInv}
 54659 | Slime:5  | Identified the +5 scimitar of Inference {freeze, Fly rPois
                  | Dex-3}
 54684 | Slime:5  | Identified the +2 short sword of Forgiveness {freeze, rPois
                  | Will+ Str+3}
 54706 | Slime:5  | Found the +10 tower shield of Ignorance {rN+ Int-4}
 54719 | Slime:5  | Identified the +4 war axe "Jykumiex" {speed, Dex+3}
 54745 | Slime:5  | Got the Opusculum on Sciomancy
 54757 | Slime:5  | Got a slimy rune of Zot
 55323 | D:12     | Bought a potion of mutation for 288 gold pieces
 55323 | D:12     | Lost mutation: You are clumsy. (Dex -2) [potion of
                  | mutation]
 55323 | D:12     | Lost mutation: You have an uncontrollable temper. [potion
                  | of mutation]
 55323 | D:12     | Lost mutation: You have hidden genetic defects. [potion of
                  | mutation]
 55323 | D:12     | Gained mutation: You expend magic power (3 MP) to
                  | strengthen your wands. [potion of mutation]
 55323 | D:12     | Gained mutation: Your movements are slightly less
                  | encumbered by armour. (ER -2) [potion of mutation]
 55453 | Depths:1 | Entered Level 1 of the Depths
 55885 | Depths:1 | Noticed Nikola
 55896 | Depths:1 | Killed Nikola
 56292 | Depths:1 | Noticed a juggernaut
 56306 | Depths:1 | Killed a juggernaut
 56336 | Depths:1 | Noticed a juggernaut
 56349 | Depths:1 | Killed a juggernaut
 56350 | Depths:1 | Reached skill level 10 in Evocations
 56552 | Depths:1 | Found a gateway to Hell.
 56785 | Depths:1 | Identified the +1 chain mail of Veonuz {-Cast rElec rPois
                  | Dex+3}
 57229 | Depths:1 | Identified the +5 great sword of Dissolution {spect, rElec
                  | rPois Str-4 Dex+2}
 57618 | Depths:2 | Found a one-way gate to the infinite horrors of the Abyss.
 58097 | Depths:2 | Identified the ring of Opto {Ice rCorr Str+2 Int-5 SInv}
 58097 | Depths:2 | Noticed Josephina
 58166 | Depths:2 | Found Ruxuf's Assorted Antiques.
 58175 | Depths:2 | Bought bloodstained quicksilver dragon scales for 1560 gold
                  | pieces
 58175 | Depths:2 | Identified the quicksilver dragon scales of the Vestibule
                  | of Hell {Harm Drain Fly rF++ Will+} (You bought it in a
                  | shop on level 2 of the Depths)
 58316 | Depths:2 | Killed Josephina
 58539 | Depths:2 | Found a one-way gate leading to the halls of Pandemonium.
 58639 | Depths:2 | Found a runed translucent door.
 58639 | Depths:2 | Found a runed translucent door.
 58735 | Depths:2 | Identified the ring "Epnaeton" {Fire Dex+2}
 58836 | Depths:2 | Found a runed translucent door.
 58839 | Depths:2 | Found a runed translucent door.
 58841 | Depths:2 | Found a runed translucent door.
 58869 | Depths:2 | Identified the +0 plate armour "Lal Qill" {-Tele Str+3
                  | Dex+3}
 59203 | Depths:2 | Reached XP level 25. HP: 177/202 MP: 18/39
 60362 | Depths:3 | Noticed a royal mummy
 60372 | Depths:3 | Killed a royal mummy
 60465 | Depths:3 | Noticed a royal mummy
 60473 | Depths:3 | Killed a royal mummy
 60474 | Depths:3 | Noticed a royal mummy
 60998 | Depths:3 | Killed a royal mummy
 61093 | Depths:3 | Found the +7 sceptre of Torment {pain, torment}
 61366 | Depths:4 | Entered Level 4 of the Depths
 61416 | Depths:4 | Reached skill level 10 in Air Magic
 61621 | Depths:4 | Found a one-way gateway to a ziggurat.
 61745 | Depths:4 | Found an ancient bone altar of Kikubaaqudgha.
 61911 | Depths:4 | Found a transporter.
 61914 | Depths:4 | Found Nuigic's General Store.
 61916 | Depths:4 | Found a transporter.
 61921 | Depths:4 | Bought a wand of roots (4) for 144 gold pieces
 61921 | Depths:4 | Bought a wand of roots (5) for 180 gold pieces
 61921 | Depths:4 | Bought a scroll of immolation for 60 gold pieces
 62851 | Depths:4 | Found a gate to the Realm of Zot.
 62894 | Depths:4 | Learned a level 4 spell: Passage of Golubria
 62895 | Zot:1    | Entered Level 1 of the Realm of Zot
 62895 | Zot:1    | Found a broken altar of Ashenzari.
 63148 | Vaults:3 | Bought a scroll of enchant weapon for 352 gold pieces
 63375 | Orc:2    | Bought the ring of Anoetzie {rF+ Slay+3} for 446 gold
                  | pieces
 63909 | Zot:1    | Learned a level 1 spell: Apportation
 63967 | Zot:1    | Reached XP level 26. HP: 207/213 MP: 4/39
 64541 | Zot:1    | Noticed Parghit
 64580 | Zot:1    | Killed Parghit
 65705 | Zot:2    | Identified the +1 broad axe of Qiytu {speed, Dex+3}
 65805 | Zot:1    | Reached skill level 15 in Dodging
 66245 | Zot:2    | Noticed a curse toe
 66265 | Zot:2    | Killed a curse toe
 66703 | Zot:3    | Noticed an orb of fire
 66733 | Zot:3    | Gained mutation: You are weak. (Str -2) [an orb of fire]
 66734 | Zot:3    | Gained mutation: You have hidden genetic defects. [an orb
                  | of fire]
 66738 | Zot:3    | Killed an orb of fire
 66743 | Zot:3    | Lost mutation: You are dopey. (Int -2) [potion of mutation]
 66743 | Zot:3    | Lost mutation: Your movements are slightly less encumbered
                  | by armour. (ER -2) [potion of mutation]
 66743 | Zot:3    | Gained mutation: You occasionally lose the ability to read
                  | scrolls when taking damage. [potion of mutation]
 66743 | Zot:3    | Lost mutation: You occasionally lose the ability to read
                  | scrolls when taking damage. [potion of mutation]
 66743 | Zot:3    | Lost mutation: You have hidden genetic defects. [potion of
                  | mutation]
 66870 | Zot:3    | Noticed an orb of fire
 66878 | Zot:3    | Noticed an orb of fire
 66881 | Zot:3    | Noticed a dread lich
 66931 | Zot:3    | Noticed a curse toe
 66995 | Zot:3    | Killed a curse toe
 67137 | Zot:3    | Reached skill level 21 in Ranged Weapons
 67438 | Zot:3    | Found a transporter.
 67441 | Zot:3    | Found a radiant altar of Vehumet.
 67906 | Zot:4    | Noticed a Killer Klown
 67916 | Zot:4    | Noticed a curse toe
 67919 | Zot:4    | Killed a Killer Klown
 68089 | Zot:4    | Killed a curse toe
 68323 | Zot:4    | Reached XP level 27. HP: 222/222 MP: 30/39
 68772 | Zot:5    | Entered Level 5 of the Realm of Zot
 69808 | Zot:5    | Noticed a Killer Klown
 69828 | Zot:5    | Killed a Killer Klown
 69829 | Zot:5    | Reached skill level 22 in Ranged Weapons
 69976 | Zot:5    | Noticed an orb of fire
 69983 | Zot:5    | Gained mutation: You are resistant to electric shocks.
                  | (rElec) [an orb of fire]
 69987 | Zot:5    | Killed an orb of fire
 70099 | Zot:5    | Noticed an orb of fire
 70111 | Zot:5    | Gained mutation: You passively map a small area around you.
                  | [an orb of fire]
 70116 | Zot:5    | Gained mutation: Armour fits poorly on your strangely
                  | shaped body. [an orb of fire]
 70121 | Zot:5    | Gained mutation: Your magical capacity is low. (-10% MP)
                  | [an orb of fire]
 70123 | Zot:5    | Gained mutation: You are occasionally teleported next to
                  | monsters. [an orb of fire]
 70124 | Zot:5    | Gained mutation: Your magical capacity is very low. (-20%
                  | MP) [an orb of fire]
 70125 | Zot:5    | Gained mutation: You are clumsy. (Dex -2) [an orb of fire]
 70126 | Zot:5    | Gained mutation: You have hidden genetic defects. [an orb
                  | of fire]
 70126 | Zot:5    | Gained mutation: You occasionally lose the ability to drink
                  | potions when taking damage. [an orb of fire]
 70127 | Zot:5    | Killed an orb of fire
 70128 | Zot:5    | Lost mutation: You have hidden genetic defects. [potion of
                  | mutation]
 70128 | Zot:5    | Lost mutation: You expend magic power (3 MP) to strengthen
                  | your wands. [potion of mutation]
 70128 | Zot:5    | Lost mutation: You passively map a small area around you.
                  | [potion of mutation]
 70128 | Zot:5    | Lost mutation: You are weak. (Str -2) [potion of mutation]
 70128 | Zot:5    | Lost mutation: You are resistant to electric shocks.
                  | (rElec) [potion of mutation]
 70128 | Zot:5    | Gained mutation: You are robust. (+10% HP) [potion of
                  | mutation]
 70129 | Zot:5    | Lost mutation: You are clumsy. (Dex -2) [potion of
                  | mutation]
 70129 | Zot:5    | Lost mutation: You are occasionally teleported next to
                  | monsters. [potion of mutation]
 70129 | Zot:5    | Lost mutation: Your magical capacity is very low. (-20% MP)
                  | [potion of mutation]
 70129 | Zot:5    | Gained mutation: Your mind is acute. (Int +4, Str/Dex -1)
                  | [potion of mutation]
 70144 | Zot:5    | Noticed an orb of fire
 70156 | Zot:5    | Killed an orb of fire
 70188 | Zot:5    | Noticed an orb of fire
 70197 | Zot:5    | Noticed an orb of fire
 70200 | Zot:5    | Gained mutation: You occasionally shout uncontrollably at
                  | your foes. [an orb of fire]
 70202 | Zot:5    | Gained mutation: A frigid envelope surrounds you and
                  | freezes all who hurt you. [an orb of fire]
 70205 | Zot:5    | Killed an orb of fire
 70208 | Zot:5    | Killed an orb of fire
 70305 | Zot:5    | Noticed a Killer Klown
 70312 | Zot:5    | Killed a Killer Klown
 70468 | Zot:5    | Reached skill level 23 in Ranged Weapons
 70519 | Zot:5    | Noticed an ancient lich
 70523 | Zot:5    | Killed an ancient lich
 70523 | Zot:5    | Noticed an orb of fire
 70540 | Zot:5    | Killed an orb of fire
 70835 | Zot:5    | Noticed a Killer Klown
 70847 | Zot:5    | Killed a Killer Klown
 70912 | Zot:5    | Noticed a Killer Klown
 70928 | Zot:5    | Killed a Killer Klown
 71063 | Zot:5    | Noticed an orb of fire
 71071 | Zot:5    | Killed an orb of fire
 71114 | Zot:5    | Noticed a Killer Klown
 71125 | Zot:5    | Killed a Killer Klown
 71126 | Zot:5    | Reached skill level 24 in Ranged Weapons
 71236 | Zot:5    | Noticed an ancient lich
 71248 | Zot:5    | Killed an ancient lich
 71320 | Zot:5    | Noticed a dread lich
 71332 | Zot:5    | Killed a dread lich
 72060 | Crypt:1  | Entered Level 1 of the Crypt
 72962 | Crypt:2  | Reached skill level 25 in Ranged Weapons
 73189 | Crypt:1  | Found an ancient bone altar of Kikubaaqudgha.
 73271 | Crypt:2  | Got the Encyclopedia of the Baleful Deep Freeze
 73563 | Crypt:3  | Entered Level 3 of the Crypt
 74219 | Crypt:3  | Identified the +6 whip of Insufficient Pleasure {freeze,
                  | rF- rCorr Dex+2}
 74443 | Crypt:3  | Got Evihae's Spellbook of the Galvanic Union
 74763 | Crypt:3  | Reached skill level 26 in Ranged Weapons
 75225 | Crypt:3  | Found a staircase to the Tomb.
 75227 | Crypt:3  | Noticed an ancient lich
 75233 | Crypt:3  | Killed an ancient lich
 75305 | Crypt:3  | Noticed an ancient lich
 75329 | Crypt:3  | Killed an ancient lich
 75429 | Crypt:3  | Identified the +6 flail of the Eternal Void {spect, Int+2
                  | SInv}
 75770 | Vaults:5 | Entered Level 5 of the Vaults
 75977 | Vaults:5 | Reached skill level 27 in Ranged Weapons
 76034 | Vaults:5 | Reached skill level 5 in Stealth
 76037 | Vaults:5 | Identified the ring of Descent {+Blink rPois rF+ Str+3
                  | Dex-4}
 76669 | Zot:5    | Got the Orb of Zot
 76895 | Depths:2 | Noticed Uniebil the pandemonium lord
 76901 | Depths:2 | Killed Uniebil the pandemonium lord
 77077 | D:9      | Noticed Ruatash the pandemonium lord
 77184 | D:3      | Noticed Fohink the pandemonium lord
 77233 | D:$      | Escaped with the Orb!

Illustrated notes

Levels and vault maps discovered:
D:1:      enne_arrival_octagon_isle, layout_basic,
          shapermc_ecumenical_altar_ellora, minmay_tall_x
D:2:      layout_loops_ring, uniq_robin
D:3:      layout_rooms, dreamdust_wishing_well, uniq_terence
D:4:      layout_loops_cross
D:5:      layout_cave_pools, xom_teletrap_fun, general_overflow_altar
D:6:      layout_loops_ring, nicolae_yredelemnul_corpse_copse, temple_green,
          minmay_manual_mess
D:7:      layout_basic, nicolae_ru_the_path_less_chosen, st_stairs_4,
          uniq_prince_ribbit1, uniq_jeremiah, uniq_joseph
D:8:      layout_loops_ring, kennysheep_mini, roderic_batcave, minmay_orc_keep,
          uniq_amaemon
D:9:      layout_big_octagon, demons_altar, nicolae_vehumet_altar_sigil,
          old_standard_altar, hangedman_corner_corridor, uniq_grum, uniq_erolcha
D:10:     layout_roguey, lair_entry_dummy, serial_shops, shop_fountains,
          uniq_psyche, uniq_gastronok
D:11:     layout_stronghold, uniq_nergalle, uniq_urug
D:12:     layout_small_grid, erik_orc_4, nzn_wu_jian_contemplation, uniq_nessos,
          uniq_azrael, uniq_kirke
D:13:     layout_loops_ring, serial_shops, shop, gauntlet_entry_generic
D:14:     layout_roguey, hangedman_vaults_entry_quadrant_bands, serial_shops,
          nicolae_shop_bloodbath_and_beyond, fedhas_altar_1
D:15:     grunt_enter_depths_magical_seal, layout_loops_ring,
          kennysheep_four_rooms
Temple:   nicolae_temple_great_sept
Lair:1:   minmay_lair_oklob_tunnel, layout_concentric_octagons,
          grunt_megastairs_5, infiniplex_staircase_pool, uniq_maggie
Lair:2:   layout_layer_cave, minmay_snake_entry_guardpost_medium, minivault_25,
          serial_bayou_shore_a
Lair:3:   cheibrodos_magma_flow, layout_gridlike, palyth_hydra_swamp_entry,
          forest_entry_grove
Lair:4:   layout_roguey, slime_entry_1, infiniplex_staircase_pool_2
Lair:5:   evilmike_catoblepas_cave, layout_misc_corridors,
          nicolae_quartered_pool_medium, serial_bayou_ford_a
Swamp:1:  cheibrodos_swamp_monstrosity, layout_basic_swamp,
          nicolae_swamp_well_well_well, swamp_pool1
Swamp:2:  layout_falls_marsh, hangedman_swamp_lotus, swamp_pool4, uniq_aizul
Swamp:3:  layout_falls_marsh, evilmike_swamp_ruin_house_2,
          nicolae_swamp_nymph_family_reunion
Swamp:4:  grunt_swamp_rune_castle, layout_basic_swamp, uniq_bai_suzhen
Snake:1:  layout_misc_corridors, gammafunk_ghost_cemetery,
          fake_guardian_serpent_vault
Snake:2:  layout_misc_corridors, nicolae_snake_lava_pool, minmay_shoptagon
Snake:3:  nrook_guardian_serpent_snake_passage, layout_basic
Snake:4:  minmay_snake_end_coiled, layout_cave_town, ebering_ghost_rock_garden,
          uniq_asterion
Slime:1:  layout_caves, nicolae_slime_barrier
Slime:2:  layout_caves
Slime:3:  layout_caves
Slime:4:  layout_caves
Slime:5:  slime_pit_nicolae_block_by_block
Orc:1:    layout_caves, elf_legates
Orc:2:    kennysheep_orc_mage_school, layout_caves
Elf:1:    minmay_elf_arrival_summoners, layout_geoelf_octagon,
          hangedman_elven_crosses_minicolossus, minivault_16,
          grunt_ministairs_2, nicolae_shop_gadgets
Elf:2:    nicolae_elf_blades_splatter_lattice [infiniplex_blade_entry_pillars],
          layout_rooms, serial_shops, shop, minivault_19, lemuel_elevator
Elf:3:    elf_hall, layout_geoelf_octagon
Vaults:1: ontoclasm_vaults_ring_large, nicolae_vaults_six-pack,
          nicolae_vaults_what_the_h, vaults_dpeg_doors,
          nicolae_vaults_specimen_jars, nicolae_vaults_ninety_degrees,
          v_misc_24, nicolae_vaults_network_s, vaults_room_corners,
          layout_vaults_big_room, serial_shops, shop
Vaults:2: vaults_room_ringed_pool, v_alt_pattern_2, hangedman_vaults_stitches,
          nicolae_vaults_turnstiles, nicolae_vaults_network_barrier,
          nicolae_vaults_steering_wheel, nicolae_vaults_diamond_1,
          nicolae_vaults_yaktaur_gun_rack, layout_vaults_ring
Vaults:3: nicolae_vaults_tetromino_L_2, nicolae_vaults_mini_display_case,
          grunt_vaults_trifunnel, hangedman_vaults_river_flow,
          nicolae_vaults_shipping_containers_3, minmay_crypt_entry_necro_gods,
          nicolae_vaults_cochlea, nicolae_vaults_little_ls,
          nicolae_vaults_tetromino_T_1, nicolae_vaults_apartment_1,
          nicolae_vaults_tetromino_Z_1, vaults_dpeg_hooks, v_alt_pattern_6,
          layout_vaults_quadrants, serial_shops, shop,
          nicolae_shop_overgrown_old_shop, shop, nicolae_shop_real_fake_doors,
          shop_statue
Vaults:4: v_rooms_4, vaults_room_large_hall, v_misc_1, vaults_dpeg_ring,
          ontoclasm_vaults_spin, nicolae_vaults_ellipses_ellipsis,
          ontoclasm_vaults_ring_large, nicolae_vaults_frosty_reception,
          nicolae_vaults_taking_the_gang_shopping, vaults_room_hallway,
          nicolae_vaults_house_1, layout_vaults_omnibox, serial_shops, shop,
          uniq_mennas, uniq_xtahua
Vaults:5
Crypt:1:  layout_rooms, lemuel_upstairs_altar, grunt_crypt_arrival_split
Crypt:2:  layout_basic
Crypt:3:  quadcrypt_mu
Depths:1: angbandy_vault, layout_twisted_cross, nicolae_figureground_pulse,
          serial_co_window_serial, co_window_corner_a,
          co_window_of_opportunity_a, co_window_corner_a,
          co_window_of_opportunity_a, co_window_of_opportunity_a,
          co_window_broadway_a, co_window_corner_b, co_window_cross_4,
          co_window_2corner, co_window_unsneaky_path_e,
          co_window_of_opportunity_b, hell_entry, wad_floor_pattern_untrapped,
          uniq_nikola
Depths:2: minmay_the_grid_triangle_9x9_line_8_mashed
          [minmay_the_grid_triangle_9x9_swiss_cheese,
          minmay_the_grid_triangle_9x9_sprig,
          minmay_the_grid_triangle_9x9_longest,
          minmay_the_grid_triangle_9x9_tough_junction,
          minmay_the_grid_triangle_9x9_negative_grid,
          minmay_the_grid_triangle_9x9_skeleton,
          minmay_the_grid_triangle_9x9_fully_insulated_deathbox,
          minmay_the_grid_triangle_9x9_prize_top_heavy], layout_gridville,
          pan_entry, abyss_entry_glasseish, hell_entry, serial_shops,
          nicolae_lakefront_shop, chequers_jeans, uniq_josephina
Depths:3: minmay_guarded_unrand_sceptre_of_torment, layout_gridlike,
          chequers_serial_rivers_small_b, abyss_entry, grunt_hell_entry_dis_mu,
          rand_demon_pan_entry_7, infiniplex_staircase_zigzag_3,
          serial_bayou_shore_b, grunt_megastairs_2
Depths:4: evilmike_zot_entry_round, layout_cave_pools, enter_ziggurat_e,
          serial_shops, nicolae_shop_drivethru, grunt_mini_vestibule,
          chequers_big_river, kiku_gazebo_pond_becter, uniq_grunn
Zot:1:    layout_basic, basic_altar, uniq_parghit
Zot:2:    kennysheep_room_grid, layout_basic
Zot:3:    gammafunk_sealed_library, layout_basic
Zot:4:    layout_basic
Zot:5:    layout_misc_corridors, st_stairs_14

Skill      XL: |  1  2  3  4  5  6  7  8  9 10 11 12 13 14 15 16 17 18 19 20 21 22 23 24 25 26 27 |
---------------+----------------------------------------------------------------------------------+-----
Stealth        | 1 2 3 4 8 |  8.1
Fighting       | 2 4 5 7 9 10 11 12 14 15 16 17 18 19 20 | 20.0
Ranged Weapons | 3 4 5 6 7 8 9 11 12 13 14 15 16 17 18 19 20 21 27 | 27.0
Evocations     | 1 2 3 4 5 6 8 9 11 12 14 | 14.0
Fire Magic     | 2 |  2.0
Hexes          | 4 5 7 8 9 10 11 12 | 12.0
Spellcasting   | 2 4 5 6 7 8 9 10 11 12 | 12.0
Dodging        | 4 6 7 8 9 10 11 12 13 14 15 16 | 16.0
Earth Magic    | 2 4 8 12 | 12.0
Armour         | 3 4 7 9 11 12 13 | 13.6
Summonings     | 1 5 7 8 9 10 | 10.0
Air Magic      | 1 5 8 10 | 10.0
Necromancy     | 5 7 9 12 | 12.0
Translocations | 2 3 6 |  6.0
Transmutations | 4 6 8 |  8.0

Action                     |  1- 3 |  4- 6 |  7- 9 | 10-12 | 13-15 | 16-18 | 19-21 | 22-24 | 25-27 || total
---------------------------+-------+-------+-------+-------+-------+-------+-------+-------+-------++-------
   Fire: Sling             |    80 |   100 |   211 |   497 |   598 |       |       |       |       ||  1486
         Orcbow            |       |       |       |     6 |       |       |       |       |       ||     6
         Longbow           |       |       |       |       |   280 |  1032 |  1043 |  1308 |  1778 ||  5441
         Arbalest          |       |       |       |       |       |       |       |       |    79 ||    79
  Throw: Dart              |       |     7 |    15 |     9 |    22 |     5 |       |     3 |    14 ||    75
   Cast: Jinxbite          |     8 |    15 |    35 |    56 |    13 |     1 |       |       |       ||   128
         Inner Flame       |       |     1 |     5 |    26 |    47 |    43 |    28 |    28 |    15 ||   193
         Cause Fear        |       |       |       |       |     9 |     1 |     2 |       |       ||    12
         Summon Lightning  |       |       |       |       |    18 |    45 |    22 |    17 |     2 ||   104
         Borgnjor's Vile C |       |       |       |       |     7 |    65 |    89 |    70 |    99 ||   330
         Passwall          |       |       |       |       |     1 |       |       |       |     1 ||     2
         Leda's Liquefacti |       |       |       |       |       |     9 |    12 |    14 |       ||    35
         Dispel Undead     |       |       |       |       |       |    16 |     6 |       |    37 ||    59
         Dimensional Bulls |       |       |       |       |       |       |    13 |    33 |    51 ||    97
         Summon Mana Viper |       |       |       |       |       |       |       |    14 |     7 ||    21
         Yara's Violent Un |       |       |       |       |       |       |       |    11 |    17 ||    28
         Blink             |       |       |       |       |       |       |       |     2 |     3 ||     5
         Apportation       |       |       |       |       |       |       |       |       |     3 ||     3
 Invoke: Call Merchant     |       |       |       |     1 |       |     1 |     2 |       |       ||     4
         Potion Petition   |       |       |       |       |     3 |       |     1 |     2 |     2 ||     8
         Bribe Branch      |       |       |       |       |       |       |       |       |     2 ||     2
  Evoke: Wand              |       |     2 |    10 |    14 |    24 |     4 |     6 |     6 |    14 ||    80
         Box of beasts     |       |       |       |       |       |       |     1 |     2 |     1 ||     4
         Phial of floods   |       |       |       |       |       |       |     1 |     1 |       ||     2
         Lightning rod     |       |       |       |       |       |       |     3 |     4 |       ||     7
         Condenser vane    |       |       |       |       |       |       |       |     3 |     1 ||     4
         Phantom mirror    |       |       |       |       |       |       |       |     1 |     1 ||     2
    Use: Potion            |     1 |     1 |       |       |     3 |       |     3 |     4 |    11 ||    23
         Scroll            |     5 |     7 |     4 |     6 |    11 |    11 |     8 |     3 |    17 ||    72
 Armour: Robe              |    12 |    18 |    60 |    97 |       |    15 |       |       |       ||   202
         Steam dragon scal |       |       |       |    22 |   298 |       |       |       |       ||   320
         Leather armour    |       |       |       |       |       |   207 |       |       |       ||   207
         Ring mail         |       |       |       |       |       |       |   328 |    73 |       ||   401
         Quicksilver drago |       |       |       |       |       |       |       |   195 |   368 ||   563
         Skin              |       |       |       |       |       |       |       |       |    14 ||    14
  Dodge: Dodged            |    22 |    18 |    99 |   141 |   326 |   226 |   373 |   378 |   654 ||  2237
         Repelled          |       |       |       |       |       |       |     4 |    14 |    31 ||    49
  Block: Reflection        |       |       |       |       |       |       |       |     2 |       ||     2

Table legend: (Time is in decaauts)
 A = Elapsed time spent in this place.
 B = Non-inter-level travel time spent in this place.
 C = Inter-level travel time spent in this place.
 D = Time resting spent in this place.
 E = Time spent auto-exploring this place.
 F = Levels seen in this place.
 G = Mean time per level.
                   A        B        C        D        E       F      G
               +--------+--------+--------+--------+--------+-----+--------+
         Total |  76475 |  67242 |   9233 |  14551 |  26113 |  57 | 1341.7 |
       Dungeon |  20139 |  16870 |   3269 |   3729 |   4973 |  15 | 1342.6 |
        Temple |     21 |     21 |      0 |      0 |      0 |   1 |   21.0 |
          Lair |   8288 |   7145 |   1143 |   1391 |   2944 |   5 | 1657.6 |
         Swamp |   3802 |   3505 |    297 |    614 |   1707 |   4 |  950.5 |
     Snake Pit |   6074 |   5620 |    454 |   1366 |   2142 |   4 | 1518.5 |
    Slime Pits |   2894 |   2721 |    173 |    531 |    784 |   5 |  578.8 |
  Orcish Mines |   3264 |   2622 |    642 |    572 |    916 |   2 | 1632.0 |
   Elven Halls |   3796 |   3503 |    293 |    848 |   1398 |   3 | 1265.3 |
        Vaults |   8106 |   7272 |    834 |   1127 |   3879 |   5 | 1621.2 |
         Crypt |   3534 |   3081 |    453 |    442 |   1514 |   3 | 1178.0 |
        Depths |   7885 |   7015 |    870 |   1521 |   3351 |   4 | 1971.2 |
           Zot |   8068 |   7268 |    800 |   2405 |   2504 |   5 | 1613.6 |
      Gauntlet |    598 |    598 |      0 |      0 |      0 |   1 |  598.0 |
               +--------+--------+--------+--------+--------+-----+--------+

Top non-repeatable levels by time:
   Zot:5: 2928 daAuts
Vaults:3: 2660 daAuts
   Orc:2: 2301 daAuts
Depths:3: 2170 daAuts
Depths:1: 2125 daAuts
 Snake:4: 2041 daAuts
    D:15: 2022 daAuts
 Crypt:3: 2001 daAuts
Depths:2: 1967 daAuts
   Zot:1: 1940 daAuts
Vaults:4: 1870 daAuts
  Lair:1: 1824 daAuts
Vaults:1: 1791 daAuts
  Lair:5: 1762 daAuts
    D:14: 1749 daAuts
